TOP OF THE 1ST |
Alabama Crimson Tide batting - Pitching for Minnesota Golden Gophers : RHP Mitch Dawson
|
Pitching: RHP Mitch Dawson
|
|
Batting: RHB William Robinson
|
0-0: Foul Ball, location: 2F 0-1: Ball 1-1: Swinging Strike 1-2: Ball 2-2: Ball 3-2: Reached on error, E6 (Groundball, 6)
|
Batting: RHB Kyle McIntyre
|
0-0: Ball 1-0: Ball 2-0: Called Strike 2-1: Ball 3-1: DOUBLE (Line Drive, 7LM) William Robinson scores
|
Batting: SHB Jorge Dávila
|
0-0: Called Strike 0-1: Swinging Strike 0-2: SINGLE (Groundball, 4MD) Kyle McIntyre to third Runner from 3rd tries for Home, SAFE, throw made home Jorge Dávila to second
|
Batting: RHB Stephen Nava
|
0-0: Ball 1-0: Foul Ball, location: 2F 1-1: Ball 2-1: Ball 3-1: Base on Balls
|
Batting: SHB Rubén Valle
|
0-0: Ball Jorge Dávila steals 3rd base Stephen Nava to second 1-0: Ball 2-0: Called Strike 2-1: DOUBLE (Line Drive, 3D) Jorge Dávila scores Stephen Nava scores
|
Batting: RHB Brian Burke
|
0-0: Called Strike 0-1: Ball 1-1: Called Strike 1-2: Strikes out swinging
|
Batting: LHB Tom York
|
0-0: Ball 1-0: Ground out 4-3 (Groundball, 4) Rubén Valle to third
|
Batting: LHB Jorge Rivera
|
0-0: Fly out, F8 (Flyball, 8RM)
|
Top of the 1st over - 4 run(s), 3 hit(s), 1 error(s), 1 left on base; Alabama 4 - Minnesota 0 |
BOTTOM OF THE 1ST |
Minnesota Golden Gophers batting - Pitching for Alabama Crimson Tide : RHP Claude Cunningham
|
Pitching: RHP Claude Cunningham
|
|
Batting: LHB Tony Ayala
|
0-0: Ball 1-0: Ground out 5-3 (Groundball, 56)
|
Batting: SHB Sean Brown
|
0-0: Ball 1-0: Ball 2-0: Ball 3-0: Called Strike 3-1: Swinging Strike 3-2: Base on Balls
|
Batting: RHB Tim Glendonwyn
|
0-0: Ball 1-0: Called Strike 1-1: Swinging Strike 1-2: Strikes out swinging Sean Brown steals 2nd base Batter strikes out.
|
Batting: RHB Christian Nash
|
0-0: Swinging Strike 0-1: Swinging Strike 0-2: Foul Ball, location: 2F 0-2: SINGLE (Line Drive, 8RS) Sean Brown to third Runner from 3rd tries for Home, SAFE, no throw
|
Batting: RHB James Morris
|
0-0: Foul Ball, location: 2F 0-1: Ball 1-1: Foul Ball, location: 2F 1-2: Strikes out swinging
|
Bottom of the 1st over - 1 run(s), 1 hit(s), 0 error(s), 1 left on base; Alabama 4 - Minnesota 1 |
TOP OF THE 2ND |
Alabama Crimson Tide batting - Pitching for Minnesota Golden Gophers : RHP Mitch Dawson
|
Batting: LHB Chris White
|
0-0: Ball 1-0: Ball 2-0: Foul Ball, location: 2F 2-1: Ball 3-1: Fly out, F4 (Popup, 34D)
|
Batting: RHB William Robinson
|
0-0: Ground out 6-3 (Groundball, 6)
|
Batting: RHB Kyle McIntyre
|
0-0: Foul Ball, location: 2F 0-1: Ball 1-1: Ball 2-1: Ball 3-1: Base on Balls
|
Batting: SHB Jorge Dávila
|
0-0: Called Strike Kyle McIntyre is caught stealing 2nd base
|
Top of the 2nd over - 0 run(s), 0 hit(s), 0 error(s), 0 left on base; Alabama 4 - Minnesota 1 |
BOTTOM OF THE 2ND |
Minnesota Golden Gophers batting - Pitching for Alabama Crimson Tide : RHP Claude Cunningham
|
Batting: RHB Miguel Rodríguez
|
0-0: Swinging Strike 0-1: Foul Ball, location: 2F 0-2: Ball 1-2: Foul Ball, location: 2F 1-2: Ball 2-2: Strikes out looking
|
Batting: LHB Scott Rivera
|
0-0: Ground out U3 (Groundball, 34)
|
Batting: RHB Mike Martínez
|
0-0: Called Strike 0-1: Called Strike 0-2: Ball 1-2: Ball 2-2: Foul Ball, location: 2F 2-2: Strikes out looking
|
Bottom of the 2nd over - 0 run(s), 0 hit(s), 0 error(s), 0 left on base; Alabama 4 - Minnesota 1 |
TOP OF THE 3RD |
Alabama Crimson Tide batting - Pitching for Minnesota Golden Gophers : RHP Mitch Dawson
|
Batting: SHB Jorge Dávila
|
0-0: Fly out, F7 (Flyball, 7)
|
Batting: RHB Stephen Nava
|
0-0: Ball 1-0: Swinging Strike 1-1: Ball 2-1: Foul Ball, location: 2F 2-2: Ball 3-2: Base on Balls
|
Batting: SHB Rubén Valle
|
0-0: Ball 1-0: Grounds into double play, 3-6-3 (Groundball, 3)
|
Top of the 3rd over - 0 run(s), 0 hit(s), 0 error(s), 0 left on base; Alabama 4 - Minnesota 1 |
BOTTOM OF THE 3RD |
Minnesota Golden Gophers batting - Pitching for Alabama Crimson Tide : RHP Claude Cunningham
|
Batting: RHB William Elliott
|
0-0: Foul Ball, location: 2F 0-1: Fly out, F8 (Flyball, 78S)
|
Batting: LHB Tony Ayala
|
0-0: Called Strike 0-1: Foul Ball, location: 2F 0-2: Ball 1-2: Strikes out swinging
|
Batting: SHB Sean Brown
|
0-0: Ball 1-0: Ball 2-0: Ball 3-0: Base on Balls
|
Batting: RHB Tim Glendonwyn
|
0-0: Called Strike Sean Brown steals 2nd base 0-1: Swinging Strike 0-2: Strikes out swinging
|
Bottom of the 3rd over - 0 run(s), 0 hit(s), 0 error(s), 1 left on base; Alabama 4 - Minnesota 1 |
TOP OF THE 4TH |
Alabama Crimson Tide batting - Pitching for Minnesota Golden Gophers : RHP Mitch Dawson
|
Batting: RHB Brian Burke
|
0-0: Ball 1-0: Ball 2-0: Ball 3-0: Foul Ball, location: 2F 3-1: Base on Balls
|
Batting: LHB Tom York
|
0-0: Called Strike 0-1: Called Strike 0-2: Strikes out swinging
|
Batting: LHB Jorge Rivera
|
0-0: Called Strike 0-1: Fly out, F2 (Popup, 3S)
|
Batting: LHB Chris White
|
0-0: Swinging Strike 0-1: Swinging Strike 0-2: Strikes out swinging
|
Top of the 4th over - 0 run(s), 0 hit(s), 0 error(s), 1 left on base; Alabama 4 - Minnesota 1 |
BOTTOM OF THE 4TH |
Minnesota Golden Gophers batting - Pitching for Alabama Crimson Tide : RHP Claude Cunningham
|
Batting: RHB Christian Nash
|
0-0: Ball 1-0: Ball 2-0: Swinging Strike 2-1: Reached on error, E9 (Flyball, 9)
|
Batting: RHB James Morris
|
0-0: Ball 1-0: Foul Ball, location: 2F 1-1: Ball 2-1: Fly out, F6 (Popup, 6)
|
Batting: RHB Miguel Rodríguez
|
0-0: Fly out, F6 (Popup, 6D)
|
Batting: LHB Scott Rivera
|
0-0: Ball 1-0: Swinging Strike 1-1: Swinging Strike 1-2: Foul Ball, location: 2F 1-2: Hit by Pitch Christian Nash to second
|
Batting: RHB Mike Martínez
|
0-0: Called Strike 0-1: Ball 1-1: Ball 2-1: Fielders Choice at 2nd, 6-4 (Groundball, 6)
|
Bottom of the 4th over - 0 run(s), 0 hit(s), 1 error(s), 1 left on base; Alabama 4 - Minnesota 1 |
TOP OF THE 5TH |
Alabama Crimson Tide batting - Pitching for Minnesota Golden Gophers : RHP Mitch Dawson
|
Batting: RHB William Robinson
|
0-0: Ball 1-0: SINGLE (Groundball, 6MD)
|
Batting: RHB Kyle McIntyre
|
0-0: Ball 1-0: Ball 2-0: Called Strike 2-1: Ball 3-1: Called Strike 3-2: Foul Ball, location: 2F 3-2: Foul Ball, location: 2F 3-2: Foul Ball, location: 2F 3-2: Reached on error, E4 (Groundball, 4) William Robinson to second
|
Batting: SHB Jorge Dávila
|
0-0: Called Strike 0-1: SINGLE (Groundball, 6D) William Robinson to third Kyle McIntyre to second
|
Batting: RHB Stephen Nava
|
0-0: Swinging Strike 0-1: Ball 1-1: Grounds into fielders choice 6-2 (Groundball, 6) Kyle McIntyre to third Jorge Dávila to second
|
Pitching: LHP Ed Blake
|
|
Batting: SHB Rubén Valle
|
0-0: Foul Ball, location: 2F 0-1: Fly out, F6 (Popup, 6D)
|
Batting: RHB Brian Burke
|
0-0: Foul Ball, location: 2F 0-1: Ball 1-1: Ground out 1-3 (Groundball, 15S)
|
Top of the 5th over - 0 run(s), 2 hit(s), 1 error(s), 3 left on base; Alabama 4 - Minnesota 1 |
BOTTOM OF THE 5TH |
Minnesota Golden Gophers batting - Pitching for Alabama Crimson Tide : RHP Claude Cunningham
|
Batting: RHB William Elliott
|
0-0: Fly out, F5 (Popup, 5S)
|
Batting: LHB Tony Ayala
|
0-0: Bunt for hit - play at first, batter safe!
|
Batting: SHB Sean Brown
|
0-0: Ball 1-0: Called Strike 1-1: Ball 2-1: Ball Tony Ayala steals 2nd base 3-1: Called Strike 3-2: Ground out 4-3 (Groundball, 4) Tony Ayala to third
|
Batting: RHB Tim Glendonwyn
|
0-0: Foul Ball, location: 2F 0-1: Ball 1-1: Swinging Strike 1-2: Strikes out looking
|
Bottom of the 5th over - 0 run(s), 1 hit(s), 0 error(s), 1 left on base; Alabama 4 - Minnesota 1 |
TOP OF THE 6TH |
Alabama Crimson Tide batting - Pitching for Minnesota Golden Gophers : LHP Ed Blake
|
Batting: LHB Tom York
|
0-0: Fly out, F4 (Line Drive, 4M)
|
Batting: LHB Jorge Rivera
|
0-0: Ball 1-0: Swinging Strike 1-1: Foul Ball, location: 2F 1-2: Ball 2-2: Fly out, F5 (Line Drive, 5L)
|
Batting: LHB Chris White
|
0-0: Called Strike 0-1: Foul Ball, location: 2F 0-2: Strikes out swinging
|
Top of the 6th over - 0 run(s), 0 hit(s), 0 error(s), 0 left on base; Alabama 4 - Minnesota 1 |
BOTTOM OF THE 6TH |
Minnesota Golden Gophers batting - Pitching for Alabama Crimson Tide : RHP Claude Cunningham
|
Batting: RHB Christian Nash
|
0-0: Fly out, F4 (Popup, 34)
|
Batting: RHB James Morris
|
0-0: Foul Ball, location: 2F 0-1: Swinging Strike 0-2: Ball 1-2: Foul Ball, location: 2F 1-2: Strikes out swinging
|
Batting: RHB Miguel Rodríguez
|
0-0: Ball 1-0: Ball 2-0: Ball 3-0: Called Strike 3-1: Foul Ball, location: 2F 3-2: Foul Ball, location: 2F 3-2: Base on Balls
|
Pitching: RHP Mark Gibson
|
|
Batting: LHB Scott Rivera
|
0-0: Called Strike 0-1: Ball 1-1: Ball 2-1: 2-RUN HOME RUN (Flyball, 9LD), Distance : 334 ft
|
Batting: RHB Mike Martínez
|
0-0: Ball 1-0: Ball 2-0: Ball 3-0: Called Strike 3-1: Foul Ball, location: 2F 3-2: Fly out, F9 (Flyball, 9)
|
Bottom of the 6th over - 2 run(s), 1 hit(s), 0 error(s), 0 left on base; Alabama 4 - Minnesota 3 |
TOP OF THE 7TH |
Alabama Crimson Tide batting - Pitching for Minnesota Golden Gophers : LHP Ed Blake
|
Batting: RHB William Robinson
|
0-0: Ball 1-0: Swinging Strike 1-1: Called Strike 1-2: Strikes out swinging
|
Batting: RHB Kyle McIntyre
|
0-0: Ball 1-0: Called Strike 1-1: SINGLE (Groundball, 34D)
|
Batting: SHB Jorge Dávila
|
0-0: Called Strike 0-1: Ball 1-1: Ball 2-1: Ball 3-1: Base on Balls Kyle McIntyre to second
|
Batting: RHB Stephen Nava
|
0-0: Called Strike 0-1: Ball 1-1: Ball 2-1: Ball 3-1: Fly out, F8 (Flyball, 8LM) Runner from 2nd tags up, SAFE at 3rd with throw
|
Batting: SHB Rubén Valle
|
0-0: Ball 1-0: Hit by Pitch Jorge Dávila to second
|
Batting: RHB Brian Burke
|
0-0: Called Strike 0-1: Fly out, F5 (Popup, 5D)
|
Top of the 7th over - 0 run(s), 1 hit(s), 0 error(s), 3 left on base; Alabama 4 - Minnesota 3 |
BOTTOM OF THE 7TH |
Minnesota Golden Gophers batting - Pitching for Alabama Crimson Tide : RHP Mark Gibson
|
Batting: RHB William Elliott
|
0-0: Ground out 6-3 (Groundball, 6)
|
Pitching: LHP Dave Hughes
|
|
Batting: LHB Tony Ayala
|
0-0: Called Strike 0-1: Ball 1-1: Ball 2-1: Foul Ball, location: 2F 2-2: Ball 3-2: Strikes out swinging
|
Pitching: LHP Adam Patrick
|
|
Batting: SHB Sean Brown
|
0-0: Ball 1-0: Fly out, F7 (Flyball, 78M)
|
Bottom of the 7th over - 0 run(s), 0 hit(s), 0 error(s), 0 left on base; Alabama 4 - Minnesota 3 |
TOP OF THE 8TH |
Alabama Crimson Tide batting - Pitching for Minnesota Golden Gophers : LHP Ed Blake
|
Batting: LHB Tom York
|
0-0: Called Strike 0-1: Ball 1-1: Foul Ball, location: 2F 1-2: Ball 2-2: SINGLE (Flyball, 7S)
|
Batting: LHB Jorge Rivera
|
0-0: Ball 1-0: Called Strike 1-1: Ball 2-1: TRIPLE (Flyball, 7LM) Tom York scores
|
Batting: LHB Chris White
|
0-0: Ball 1-0: Ball 2-0: Called Strike 2-1: Fly out, F9 (Flyball, 89S) Runner from 3rd tags up, SCORES, no throw
|
Pitching: RHP Michael Hutchins
|
|
Batting: RHB William Robinson
|
0-0: Ball 1-0: Ball 2-0: Ball 3-0: Base on Balls
|
Batting: RHB Kyle McIntyre
|
0-0: Ball William Robinson steals 2nd base 1-0: Ground out 5-3 (Groundball, 5S) William Robinson to third
|
Batting: SHB Jorge Dávila
|
0-0: Ball 1-0: Fly out, F6 (Popup, 5D)
|
Top of the 8th over - 2 run(s), 2 hit(s), 0 error(s), 1 left on base; Alabama 6 - Minnesota 3 |
BOTTOM OF THE 8TH |
Minnesota Golden Gophers batting - Pitching for Alabama Crimson Tide : LHP Adam Patrick
|
Batting: RHB Tim Glendonwyn
|
0-0: Ball 1-0: Ground out 5-3 (Groundball, 56S)
|
Batting: RHB Christian Nash
|
0-0: Ball 1-0: Foul Ball, location: 2F 1-1: Ball 2-1: Ground out U3 (Groundball, 34)
|
Batting: RHB James Morris
|
0-0: Ball 1-0: Ball 2-0: Ball 3-0: Base on Balls
|
Pitching: RHP Curt Dunn
|
|
Batting: RHB Miguel Rodríguez
|
0-0: Called Strike 0-1: Ball 1-1: Swinging Strike 1-2: Ball 2-2: Fly out, F9 (Flyball, 9)
|
Bottom of the 8th over - 0 run(s), 0 hit(s), 0 error(s), 1 left on base; Alabama 6 - Minnesota 3 |
TOP OF THE 9TH |
Alabama Crimson Tide batting - Pitching for Minnesota Golden Gophers : RHP Michael Hutchins
|
Batting: RHB Stephen Nava
|
0-0: Called Strike 0-1: Ball 1-1: Ball 2-1: SINGLE (Groundball, 34D)
|
Batting: SHB Rubén Valle
|
0-0: Ball 1-0: Ball 2-0: Called Strike 2-1: Swinging Strike 2-2: Ball 3-2: Strikes out looking
|
Batting: RHB Brian Burke
|
0-0: Ball 1-0: Foul Ball, location: 2F 1-1: Swinging Strike 1-2: SINGLE (Line Drive, 4) Stephen Nava to second
|
Batting: LHB Tom York
|
0-0: Called Strike 0-1: Swinging Strike 0-2: Ball 1-2: Ball 2-2: Foul Ball, location: 2F 2-2: Foul Ball, location: 2F 2-2: Ball 3-2: Base on Balls Stephen Nava to third Brian Burke to second
|
Pitching: LHP Christian Williamson
|
|
Pinch Hitting: RHB Walt McDonald
|
0-0: Fly out, F9 (Flyball, 9LS) Lined into DP, 9-6 (Flyball, 9LS)
|
Top of the 9th over - 0 run(s), 2 hit(s), 0 error(s), 2 left on base; Alabama 6 - Minnesota 3 |
BOTTOM OF THE 9TH |
Minnesota Golden Gophers batting - Pitching for Alabama Crimson Tide : RHP Curt Dunn
|
Pitching: RHP Hubert Chilcott
|
|
Now in LF: Scott Graves
|
|
Batting: LHB Scott Rivera
|
0-0: Ball 1-0: Ground out 4-3 (Groundball, 4)
|
Batting: RHB Mike Martínez
|
0-0: Swinging Strike 0-1: Ball 1-1: SOLO HOME RUN (Flyball, 89XD), Distance : 380 ft
|
Batting: RHB William Elliott
|
0-0: Called Strike 0-1: Fly out, F8 (Line Drive, 8LM)
|
Batting: LHB Tony Ayala
|
0-0: SOLO HOME RUN (Flyball, 9D), Distance : 349 ft
|
Batting: SHB Sean Brown
|
0-0: Swinging Strike 0-1: Fly out, F2 (Popup, 15)
|
Bottom of the 9th over - 2 run(s), 2 hit(s), 0 error(s), 0 left on base; Alabama 6 - Minnesota 5 |
|